 Dungeon Crawl Stone Soup version 0.30-a0-1016-gfb0d676c02 (webtiles) character file.

Game seed: 8950230442931491113

107 DeathPants the Insei (level 4, -4/33 HPs)
             Began as a Demonspawn Transmuter on Apr 6, 2023.
             Slain by a hobgoblin (5 damage)
             ... on level 3 of the Dungeon.
             The game lasted 00:08:06 (1836 turns).

DeathPants the Insei (Demonspawn Transmuter)        Turns: 1836, Time: 00:08:07

Health: -4/33      AC:  2    Str: 12    XL:     4   Next: 57%
Magic:  7/8        EV: 12    Int: 14    God:
Gold:   61         SH:  0    Dex: 14    Spells: 7/8 levels left

rFire   . . .      SeeInvis .      - Unarmed
rCold   . . .      Faith    .    (no shield)
rNeg    . . .      Spirit   .    a - +0 robe
rPois   .          Reflect  .    (helmet currently unavailable)
rElec   .          Rampage  .    (no cloak)
rCorr   .                        (no gloves)
Will    .....                    l - melded +0 pair of boots
Stlth   +                        (no amulet)
HPRegen 0.25/turn                (no ring)
MPRegen 0.11/turn                (no ring)

@: appendages (expiring)
A: talons 2, horns 1, ignite blood 2
a: End Transformation


You were on level 3 of the Dungeon.
You had temporarily grown beastly talons.
You visited 1 branch of the dungeon, and saw 3 of its levels.

You collected 61 gold pieces.

Inventory:

Missiles
 k - 4 poisoned darts
Armour
 a - a +0 robe (worn)
 l - a +0 pair of boots (melded)
Scrolls
 d - 2 scrolls of fog
Potions
 b - a potion of lignification
 c - 2 potions of curing
 e - a potion of brilliance
 f - a potion of magic
 i - a potion of degeneration {unknown}
 j - 2 potions of flight {unknown}


   Skills:
 + Level 2.1 Fighting
 + Level 2.3 Dodging
 + Level 3.2 Unarmed Combat
 + Level 2.7 Spellcasting
 + Level 2.5 Transmutations


You had 7 spell levels left.
You knew the following spells:

 Your Spells              Type           Power      Damage    Failure   Level
a - Beastly Appendage     Tmut           18%        N/A       8%          1

Your spell library contained the following spells:

 Spells                   Type           Power      Damage    Failure   Level
 Wereblood                Tmut           9%         N/A       12%         2
 Passwall                 Tmut/Erth      4%         N/A       21%         2
 Sandblast                Erth           2%         2d4       22%         1
 Spider Form              Tmut/Pois      5%         N/A       36%         3
 Stone Arrow              Conj/Erth      2%         3d7       54%         3
 Ice Form                 Ice/Tmut       5%         N/A       78%         4


Dungeon Overview and Level Annotations

Branches:
Dungeon (3/15)

Altars:


Innate Abilities, Weirdness & Mutations

You have temporarily grown beastly talons.
You have a pair of small horns on your head.
Your demonic aura often causes spilled blood to erupt in flames.


Message History

You closely miss the adder. You headbutt the adder.
The adder is almost dead.
The worm closely misses you. The adder barely misses you.
You hit the adder.
You kill the adder!
You hit the worm. You claw the worm.
The worm is moderately wounded.
The worm bites you!
* * * LOW HITPOINT WARNING * * *
The hobgoblin barely misses you.
You hit the worm. You claw the worm. Your headbutt misses the worm.
The worm is heavily wounded.
The hobgoblin hits you.
* * * LOW HITPOINT WARNING * * *
The hobgoblin attacks as you move away! The hobgoblin misses you.
The hobgoblin attacks as you move away! The hobgoblin closely misses you.
Your transformation is almost over.
You barely miss the hobgoblin.
You claw the hobgoblin, but do no damage.
The hobgoblin barely misses you.
You closely miss the hobgoblin. You headbutt the hobgoblin.
The hobgoblin is moderately wounded.
The hobgoblin closely misses you.
You hit the worm. You claw the worm. You headbutt the worm.
The worm is severely wounded.
The hobgoblin misses you.
You barely miss the worm.
The worm is severely wounded.
The worm barely misses you.
You hit the worm.
You kill the worm!
The hobgoblin barely misses you.
You hit the hobgoblin but do no damage. You claw the hobgoblin.
The hobgoblin is almost dead.
The hobgoblin hits you.
* * * LOW HITPOINT WARNING * * *
You hit the hobgoblin but do no damage. Your headbutt misses the hobgoblin.
The hobgoblin is almost dead.
The hobgoblin hits you.
You die...

###.....)..##.##. #...##
.##.#.........##.# .....#.
..#.#...###....#.# .......
....#######.##.... $......
..########..###..##)....#.
.##..........###....#.....
..........................
...........!.###g........#
..............).@..).....#
.#
..#..........###.........#
##P .##..........#
#......#..# ..
.##..............####.#..#
# .##...#########.## .# .#
# ....##. .## .. # #####
.≈ ≈. .. # ≈). ..≈ .. # #


You could see a hobgoblin.

Vanquished Creatures
  5 adders
  A worm (D:3)
  4 dart slugs (D:2)
  6 ball pythons
  5 endoplasms
  2 giant cockroaches (D:1)
  5 goblins
  6 hobgoblins
  A quokka (D:2)
  3 bats
  4 frilled lizards (D:2)
  9 kobolds
  A rat (D:3)
52 creatures vanquished.

Notes
Turn   | Place    | Note
-------+----------+-------------------------------------------
     0 | D:1      | DeathPants the Demonspawn Transmuter began the quest for
                  | the Orb.
     0 | D:1      | Reached XP level 1. HP: 15/15 MP: 3/3
   120 | D:1      | Gained mutation: Your demonic aura sometimes causes spilled
                  | blood to erupt in flames. [demonic ancestry]
   120 | D:1      | Reached XP level 2. HP: 14/21 MP: 3/5
   365 | D:1      | Found a faded altar of an unknown god.
  1203 | D:2      | Reached skill level 3 in Unarmed Combat
  1220 | D:2      | Gained mutation: You have a pair of small horns on your
                  | head. [demonic ancestry]
  1220 | D:2      | Reached XP level 3. HP: 26/26 MP: 6/6
  1502 | D:2      | Gained mutation: Your demonic aura often causes spilled
                  | blood to erupt in flames. [demonic ancestry]
  1502 | D:2      | Reached XP level 4. HP: 27/33 MP: 7/7
  1827 | D:3      | HP: 1/33 [hobgoblin (4)]
  1835 | D:3      | HP: 1/33 [hobgoblin (2)]
  1836 | D:3      | Slain by a hobgoblin

Illustrated notes

Levels and vault maps discovered:
D:1:      grunt_arrival_crossed_arrows, layout_basic, basic_ecumenical_altar,
          minmay_indecisive_spiral
D:2:      cheibrodos_helix_gallery, layout_basic
D:3:      layout_rooms, eat_drink_and_be_merry_uskayaw,
          mainiacjoe_overflow_paths, minmay_misc_feat_room,
          minmay_shallow_snake_nest

Skill      XL: |  1  2  3  4 |
---------------+-------------+-----
Transmutations | 2 |  2.5
Unarmed Combat | 3 |  3.2
Dodging        | 2 |  2.3
Fighting       | 2 |  2.1
Spellcasting   | |  2.7

Action                     |  1- 3 |  4- 6 || total
---------------------------+-------+-------++-------
  Melee: Unarmed           |    81 |    47 ||   128
         Kick              |    15 |    10 ||    25
         Headbutt          |    11 |     8 ||    19
         Punch             |     1 |     2 ||     3
   Cast: Beastly Appendage |    18 |     4 ||    22
    Use: Scroll            |     7 |       ||     7
         Potion            |       |     1 ||     1
   Stab: Sleeping          |     2 |       ||     2
 Armour: Robe              |     9 |    19 ||    28
  Dodge: Dodged            |    57 |    40 ||    97

Table legend: (Time is in decaauts)
 A = Elapsed time spent in this place.
 B = Non-inter-level travel time spent in this place.
 C = Inter-level travel time spent in this place.
 D = Time resting spent in this place.
 E = Time spent auto-exploring this place.
 F = Levels seen in this place.
 G = Mean time per level.
                   A        B        C        D        E       F      G
               +--------+--------+--------+--------+--------+-----+--------+
         Total |   1830 |   1781 |     49 |    129 |   1142 |   3 |  610.0 |
       Dungeon |   1830 |   1781 |     49 |    129 |   1142 |   3 |  610.0 |
               +--------+--------+--------+--------+--------+-----+--------+

Top non-repeatable levels by time:
     D:1: 1092 daAuts
     D:2: 617 daAuts
     D:3: 121 daAuts
